 Dungeon Crawl Stone Soup version 0.21.1-1-g345015f (webtiles) character file.

19 JeffiDaFish the Digger (level 2, -1/15 HPs)
             Began as a Gargoyle Earth Elementalist on Feb 18, 2018.
             Slain by a hobgoblin
             ... wielding a +0 club
              (4 damage)
             ... on level 2 of the Dungeon.
             The game lasted 00:02:17 (944 turns).

JeffiDaFish the Digger (Gargoyle Earth Elementalist) Turns: 944, Time: 00:02:17

Health: -1/15      AC:  4    Str:  8 (11) XL:     2   Next: 75%
Magic:  14/14      EV: 12    Int: 12 (15) God:
Gold:   24         SH:  2    Dex:  9 (10) Spells: 5/6 levels left

rFire    . . .     SeeInvis .   f - -3 short sword (curse)
rCold    . . .     Gourm    .   (no shield)
rNeg     + . .     Faith    .   c - +0 robe
rPois    ∞         Spirit   .   (no helmet)
rElec    +         Reflect  +   (no cloak)
rCorr    .         Harm     .   (no gloves)
MR       .....                  (no boots)
Stlth    ++........             l - +2 amulet of reflection
HPRegen  0.05/turn              a - ring of magical power
MPRegen  0.14/turn              (no ring)

@: no status effects
A: negative energy resistance 1, electricity resistance, unbreathing,
petrification resistance, rot immunity, AC +2
a: no special abilities


You were on level 2 of the Dungeon.
You were not hungry.

You visited 1 branch of the dungeon, and saw 2 of its levels.

You collected 24 gold pieces.

Inventory:

Hand Weapons
 f - a cursed -3 short sword (weapon)
 g - a +2 hand axe of flaming
 j - a +0 mace
Missiles
 b - 7 stones (quivered)
Armour
 c - a +0 robe (worn)
Jewellery
 a - a ring of magical power (left hand)
 l - a +2 amulet of reflection (around neck)
Scrolls
 k - a scroll of identify
Potions
 i - 2 potions of curing
Books
 e - a book of Geomancy

   Spells                             Type                      Level
   a - Sandblast                      Earth                        1
   b - Passwall                       Transmutation/Earth          2
   c - Stone Arrow                    Conjuration/Earth            3
   d - Petrify                        Transmutation/Earth          4
   e - Lee's Rapid Deconstruction     Earth                        5
Comestibles
 d - a ration
 h - 3 chunks of flesh


   Skills:
 - Level 1.5 Dodging
 - Level 2.1 Stealth
 + Level 2.5 Spellcasting
   Level 0.7 Transmutations
 + Level 4.2 Earth Magic


You had 5 spell levels left.
You knew the following spells:

 Your Spells              Type           Power        Failure   Level  Hunger
a - Sandblast             Erth           ##....       4%          1    #......


Dungeon Overview and Level Annotations

Branches:
Dungeon (2/15)

Altars:


Innate Abilities, Weirdness & Mutations

You are resistant to torment.
Your stone body is resilient. (AC +2)
You are immune to poison.
You resist negative energy. (rN+)
You are resistant to electric shocks. (rElec)
You can survive without breathing.
You are immune to petrification.
You are immune to rotting.


Message History

Found a ration.
The hobgoblin hits you with a club.
You are too injured to fight recklessly!
You closely miss the hobgoblin. The hobgoblin closely misses you.
You barely miss the hobgoblin. The hobgoblin closely misses you.
Some of the chunks of flesh in your inventory have rotted away.
You hit the hobgoblin.
The hobgoblin is heavily wounded.
The hobgoblin closely misses you.
You closely miss the hobgoblin.
The hobgoblin is heavily wounded.
The hobgoblin hits you but does no damage.
You barely miss the hobgoblin.
The hobgoblin is moderately wounded.
The hobgoblin hits you with a club.
* * * LOW HITPOINT WARNING * * *
You closely miss the hobgoblin.
The hobgoblin is moderately wounded.
The hobgoblin hits you with a club.
You die...

#.........
##...%.....
##...........
............
#...........
#..............
#..g...^.......
#.@............#
##......#.......
######.####(.# ....)
.........#...# .....[
######......###......
#.................
#.#..##..#........
#.#..##...##......
..>.##...#........


You could see a hobgoblin.

Vanquished Creatures
  A giant cockroach (D:1)
  A goblin (D:1)
  6 hobgoblins
  A bat (D:1)
  2 frilled lizards (D:1)
  4 kobolds
  4 rats
19 creatures vanquished.

Notes
Turn   | Place    | Note
-------+----------+-------------------------------------------
     0 | D:1      | JeffiDaFish the Gargoyle Earth Elementalist began the quest for the Orb.
     0 | D:1      | Reached XP level 1. HP: 10/10 MP: 3/3
   435 | D:1      | Reached skill level 4 in Earth Magic
   435 | D:1      | Reached XP level 2. HP: 15/15 MP: 5/5
   944 | D:2      | Slain by a hobgoblin

Skill      XL: |  1 |
---------------+----+-----
Earth Magic    | 4 |  4.2
Dodging        | |  1.5
Stealth        | |  2.1
Spellcasting   | |  2.5
Transmutations | |  0.7

Action                   || total
-------------------------++-------
Melee: Short sword       ||    13
 Cast: Sandblast         ||    23
  Use: Scroll            ||     3
       Potion            ||     3
 Stab: Sleeping          ||     1
Armor: Robe              ||     5
Dodge: Dodged            ||     9
